 Dungeon Crawl Stone Soup version 0.21-a0-426-g98080a9 (webtiles) character file.

4 Ijustatesigmund the Sneak (level 1, -1/12 HPs)
             Began as an Octopode Enchanter on Nov 7, 2017.
             Slain by a leopard gecko (4 damage)
             ... on level 1 of the Dungeon.
             The game lasted 00:00:37 (64 turns).

Ijustatesigmund the Sneak (Octopode Enchanter)        Turns: 64, Time: 00:00:38

Health: -1/12      AC:  1    Str:  7    XL:     1   Next: 60%
Magic:  2/3        EV: 13    Int: 17    God:
Gold:   0          SH:  0    Dex: 12    Spells: 3/4 levels left

rFire    . . .     SeeInvis .   a - +1 dagger
rCold    . . .     Gourm    .   (no shield)
rNeg     . . .     Faith    .   (helmet restricted)
rPois    .         Spirit   .   (no amulet)
rElec    .         Reflect  .   (no ring)
rCorr    .         Harm     .   (no ring)
MR       .....                  (no ring)
Stlth    +++.......             (no ring)
HPRegen  0.04/turn              (no ring)
MPRegen  0.08/turn              (no ring)
                                (no ring)
                                (no ring)

@: no status effects
A: almost no armour, stealthy swim, amphibious, 8 rings, constrict 8, camouflage
1, gelatinous body 1
a: no special abilities


You were on level 1 of the Dungeon.
You were not hungry.

You visited 1 branch of the dungeon, and saw 1 of its levels.

Inventory:

Hand Weapons
 a - a +1 dagger (weapon)
Books
 b - a book of Maledictions

   Spells                             Type                      Level
   a - Corona                         Hexes                        1
   b - Ensorcelled Hibernation        Hexes/Ice                    2
   c - Confuse                        Hexes                        3
   d - Tukima's Dance                 Hexes                        3
   e - Dazzling Spray                 Conjuration/Hexes            3
Comestibles
 c - a bread ration


   Skills:
 + Level 0.6 Fighting
 + Level 1.3 Short Blades
 - Level 2.0 Dodging
 - Level 4.0 Stealth
 - Level 2.0 Spellcasting
 - Level 3.0 Hexes


You had 3 spell levels left.
You knew the following spells:

 Your Spells              Type           Power        Failure   Level  Hunger
a - Corona                Hex            ##.....      5%          1    #......


Dungeon Overview and Level Annotations

Branches:
Dungeon (1/15)

Altars:


Innate Abilities, Weirdness & Mutations

You cannot wear most types of armour.
You are very stealthy in the water. (Stealth+)
You are amphibious.
You can wear up to eight rings at the same time.
You can use your tentacles to constrict eight enemies at once.
Your skin changes colour to match your surroundings (Stealth+).
Your rubbery body absorbs attacks. (AC +1, EV +1)


Message History

You barely miss the bat.
The bat is moderately wounded.
You constrict the bat. The bat hits you but does no damage.
The bat escapes!
The bat hits you but does no damage.
Things that are here:
a club; a hobgoblin corpse The bat hits you but does no damage.
The bat misses you.
You closely miss the bat. Your grab misses the bat.
The bat is severely wounded.
The bat hits you but does no damage.
You hit the leopard gecko. Your grab misses the leopard gecko.
The leopard gecko is lightly wounded.
The leopard gecko completely misses you.
Casting: Corona
Confirm with . or Enter, or press ? or * to list all spells.
Aiming: Corona
Press: ? - help, Shift-Dir - straight line, f/p - bat
Aim: a bat (severely wounded, chance to defeat MR: 64%)
The leopard gecko is outlined in light.
The leopard gecko bites you.
You die...

####........#
#..........#
#...(..b.#.#
#....#.....# #
#...(#.##### ###
## #....##. #.#
###. #...(b##.
##'####.)# #####l#
## +...'..### #@#
####.<.####
#.####..'...'..#
#.##..####'####..#
#.#.### #.# .
#..## #.# #### ###


You could see a leopard gecko and a bat.

Vanquished Creatures
  2 hobgoblins (D:1)
  A kobold (D:1)
3 creatures vanquished.

Notes
Turn   | Place    | Note
-------+----------+-------------------------------------------
     0 | D:1      | Ijustatesigmund the Octopode Enchanter began the quest for the Orb.
     0 | D:1      | Reached XP level 1. HP: 11/11 MP: 3/3
    64 | D:1      | Slain by a leopard gecko

Vault maps used:
D:1:      dpeg_arrival_radiant, hangedman_decor_points

Action                   || total
-------------------------++-------
Melee: Dagger            ||    14
       Constrict         ||     3
       Tentacles         ||     2
 Cast: Corona            ||     2
 Stab: Sleeping          ||     1
Armor: Skin              ||     7
Dodge: Dodged            ||    14

Table legend:
 A = Spawn XP
 B = Non-spawn XP
 C = Spawn XP percentage of total XP
 D = Spawn monster count
 E = Non-spawn monster count
 F = Spawn count percentage of total count
 G = Total turns spent on level
                    A         B        C        D         E        F      G
               +---------+---------+-------+---------+---------+-------+---------
         Total |       0 |       6 |   0.0 |       0 |       3 |   0.0 |    64
               +---------+---------+-------+---------+---------+-------+---------
           D:1 |       0 |       6 |   0.0 |       0 |       3 |   0.0 |    64
               +---------+---------+-------+---------+---------+-------+---------
